Map: Neon Violet Square LE

Players

Lambo

  • Race: Zerg Zerg
  • Spawn Location: 11:00

Ryung - Winner!

  • Race: Terran Terran
  • League: Master
  • Spawn Location: 5:00

Event: Memes & Dreams Invitational

VOD

Have the link to the VOD?

Description

Time

  • Played on: April 14, 2018, 3:10 a.m.
  • Length: 9:20

All games in this series

Show
View Real Time Build Order
Export as new Build Order

Lambo Zerg 

Build Orders: Hatch First 

Get SALT Encoding   

  12  0:00  Drone  
  13  0:13  Overlord  
  13  0:19  Drone  
  14  0:32  Drone x2  
  16  0:50  Hatchery  
  16  0:53  Drone  
  16  0:57  Drone  
  16  1:00  Drone  
  18  1:11  Extractor  
  18  1:16  Spawning Pool  
  16  1:19  Drone  
  16  1:22  Drone  
  18  1:30  Drone  
  19  1:42  Drone  
  20  1:52  Overlord  
  20  2:02  Queen  
  20  2:03  Zergling x4, Queen  
  26  2:11  Metabolic Boost  
  26  2:12  Drone  
  27  2:16  Drone  
  28  2:34  Hatchery  
  28  2:36  Drone  
  28  2:39  Drone  
  28  2:43  Drone  
  30  2:51  Queen  
  30  2:53  Drone  
  30  2:56  Overlord  
  33  2:59  Drone  
  33  3:02  Drone  
  33  3:05  Drone  
  36  3:15  Drone x2  
  36  3:16  Drone, Overlord  
  36  3:19  Drone  
  40  3:22  Drone  
  41  3:27  Queen  
  41  3:30  Drone  
  44  3:34  Drone x2  
  44  3:37  Lair  
  44  3:40  Drone  
  47  3:42  Drone  
  47  3:43  Drone  
  49  3:51  Drone  
  49  3:52  Roach Warren  
  49  3:53  Drone  
  50  3:58  Queen  
  50  3:59  Extractor  
  50  4:00  Extractor  
  50  4:05  Queen  
  50  4:08  Zergling x4  
  54  4:10  Zergling x2  
  54  4:12  Drone x2  
  54  4:14  Drone  
  58  4:17  Overlord  
  58  4:27  Overlord  
  58  4:31  Overlord  
  58  4:43  Queen, Nydus Network  
  58  4:44  Queen  
  58  4:45  Overseer  
  61  4:48  Roach x2  
  65  4:53  Roach  
  65  4:54  Queen  
  65  4:57  Roach  
  71  5:07  Roach x2  
  71  5:08  Roach  
  71  5:14  Roach  
  78  5:25  Nydus Canal  
  78  5:34  Overlord  
  78  5:35  Overlord  
  78  5:36  Overlord  
  78  5:47  Nydus Canal  
  78  5:51  Overlord x2  
  78  5:52  Overlord  
  76  5:58  Roach x2  
  76  5:59  Overlord, Roach x3  
  78  6:06  Roach  
  78  6:07  Roach x4  
  83  6:11  Roach x2  
  83  6:13  Roach  
  82  6:24  Roach x2  
  76  6:26  Drone  
  76  6:27  Drone x2  
  76  6:30  Nydus Canal  
  73  6:33  Roach  
  73  6:35  Queen  
  73  6:37  Drone x2  
  75  6:41  Drone  
  75  6:44  Overseer  
  75  6:45  Drone x2  
  78  6:49  Queen  
  78  6:52  Drone  
  78  6:53  Drone  
  78  6:54  Drone  
  83  6:57  Spore Crawler  
  82  7:05  Glial Reconstitution  
  82  7:07  Drone x3  
  82  7:08  Evolution Chamber  
  84  7:09  Spore Crawler, Overseer  
  84  7:13  Spore Crawler  
  84  7:14  Spore Crawler  
  81  7:21  Spore Crawler, Queen  
  82  7:26  Spore Crawler  
  82  7:28  Roach  
  83  7:31  Drone x2  
  81  7:45  Drone x2  
  81  7:48  Drone  
  81  7:49  Drone  
  85  7:54  Drone x2  
  85  7:56  Spore Crawler  
  85  7:58  Drone x2  
  86  8:02  Drone x3  
  90  8:07  Drone  
  90  8:08  Drone x2  
  90  8:11  Extractor  
  90  8:12  Drone x2, Infestation Pit  
  93  8:15  Hydralisk Den  
  93  8:17  Spore Crawler  
  87  8:26  Drone x3  
  90  8:27  Spore Crawler x2  
  90  8:28  Spore Crawler  
  90  8:29  Drone x2  
  89  8:35  Drone x2  
  89  8:40  Hatchery  
  91  8:48  Hydralisk  
Show
View Real Time Build Order
Export as new Build Order

Ryung Terran - Winner!

Build Orders: Command Center First (CC), Hellion Banshee 

Get SALT Encoding   

  12  0:01  SCV  
  13  0:13  SCV  
  14  0:18  Supply Depot  
  14  0:25  SCV  
  15  0:40  SCV  
  16  0:52  SCV  
  17  1:01  Command Center  
  17  1:05  SCV  
  18  1:14  Barracks  
  18  1:17  SCV  
  19  1:23  Refinery  
  19  1:29  SCV  
  19  1:31  Refinery  
  20  1:41  SCV  
  21  1:54  SCV  
  22  2:01  Reaper  
  22  2:06  Orbital Command  
  23  2:12  Orbital Command  
  23  2:19  Factory  
  23  2:31  SCV  
  23  2:33  Barracks Reactor  
  24  2:38  SCV  
  24  2:43  SCV  
  26  2:50  SCV  
  27  2:55  SCV  
  27  2:56  Supply Depot  
  28  3:02  SCV  
  29  3:05  Starport  
  29  3:07  SCV  
  29  3:11  Starport  
  30  3:15  Hellion x2, Barracks Tech Lab  
  30  3:16  SCV  
  30  3:19  SCV  
  36  3:21  Refinery  
  36  3:28  Supply Depot, SCV  
  36  3:31  SCV  
  38  3:37  Hellion x2  
  42  3:43  SCV  
  42  3:44  SCV  
  33  3:48  Viking  
  44  3:53  Supply Depot  
  46  4:00  Hyperflight Rotors  
  46  4:02  SCV  
  47  4:03  SCV  
  47  4:06  Starport Tech Lab  
  48  4:14  SCV  
  48  4:15  SCV  
  50  4:18  Supply Depot  
  50  4:20  Banshee  
  53  4:26  SCV, Banshee  
  53  4:27  SCV  
  58  4:38  SCV  
  59  4:39  SCV  
  59  4:44  Command Center, Cloaking Field  
  60  4:51  Hellion x2  
  64  4:55  SCV x2, Refinery  
  66  5:02  Banshee  
  68  5:10  Supply Depot  
  68  5:11  Supply Depot  
  68  5:12  SCV x2  
  70  5:32  Engineering Bay, Cyclone x2  
  70  5:33  Engineering Bay  
  70  5:35  Engineering Bay  
  70  5:53  SCV x2  
  68  6:00  SCV  
  65  6:04  Hellion x2  
  65  6:05  SCV, Banshee x2  
  45  6:25  Hellion x2  
  45  6:28  SCV x2  
  43  6:40  SCV x2, Orbital Command  
  45  6:53  SCV x2  
  47  6:59  Banshee  
  50  7:02  Banshee  
  50  7:05  SCV x2  
  50  7:07  SCV  
  56  7:18  SCV  
  56  7:19  SCV  
  56  7:23  SCV  
  57  7:30  SCV  
  57  7:31  SCV, Cyclone  
  57  7:35  SCV  
  57  7:36  Supply Depot  
  63  7:43  SCV x2  
  65  7:47  SCV  
  62  7:52  Banshee x2  
  62  7:55  SCV x2  
  68  7:59  SCV  
  66  8:07  SCV x2  
  66  8:11  SCV  
  69  8:19  SCV x2  
  71  8:23  Armory  
  71  8:24  SCV, Armory  
  72  8:29  Refinery  
  72  8:30  Refinery  
  72  8:31  SCV x2  
  74  8:36  SCV  
  74  8:40  Factory  
  75  8:43  Factory, SCV x2  
  75  8:47  Supply Depot  
  75  8:48  SCV  
  78  8:55  SCV  
  79  9:04  SCV x2  
  79  9:07  SCV  
  88  9:11  Engineering Bay  
Tags
 
Add a new tag
Caveats
  • Supply blocks, unpowered buildings, or Contaminate may cause inaccurate times.
  • Supply counts are checked every 10 seconds.